 Dungeon Crawl Stone Soup version 0.21-a0-480-g5da0f0d (webtiles) character file.

406 slep the Slasher (level 6, 0/53 HPs)
             Began as a Minotaur Fighter on Nov 22, 2017.
             Slain by an orc (1 damage)
             ... on level 4 of the Dungeon.
             The game lasted 00:09:16 (2561 turns).

slep the Slasher (Minotaur Fighter)                 Turns: 2561, Time: 00:09:20

Health: 0/53       AC: 10    Str: 20    XL:     6   Next: 56%
Magic:  5/5        EV:  8    Int:  5    God:
Gold:   88         SH: 10    Dex: 12    Spells: 5/5 levels left

rFire    . . .     SeeInvis .   a - +0 long sword
rCold    . . .     Gourm    .   c - +0 shield
rNeg     . . .     Faith    .   y - +0 scale mail
rPois    .         Spirit   .   (helmet restricted)
rElec    .         Reflect  .   (no cloak)
rCorr    .         Harm     .   (no gloves)
MR       .....                  (no boots)
Stlth    ..........             (no amulet)
HPRegen  0.17/turn              s - ring of loudness (curse)
MPRegen  0.09/turn              u - +3 ring of protection

@: lethally poisoned (0 -> -20)
A: retaliatory headbutt, horns 2
a: no special abilities


You were on level 4 of the Dungeon.
You were not hungry.

You visited 1 branch of the dungeon, and saw 4 of its levels.

You collected 88 gold pieces.

Inventory:

Hand Weapons
 a - a +0 long sword (weapon)
 b - a +0 blowgun
Missiles
 j - 2 javelins (quivered)
 n - 4 tomahawks
 o - 35 poisoned needles
 x - 4 curare-tipped needles
Armour
 c - a +0 shield (worn)
 y - a +0 scale mail (worn)
Jewellery
 s - a cursed ring of loudness (left hand)
 u - a +3 ring of protection (right hand)
Wands
 A - a wand of flame (29)
Scrolls
 e - 2 scrolls of enchant armour {unknown}
 g - 2 scrolls of noise {unknown}
 h - 4 scrolls of identify {unknown}
 k - 3 scrolls of remove curse {unknown}
 p - 4 scrolls of teleportation {unknown}
 t - 3 scrolls of blinking {unknown}
 w - a scroll of fear {unknown}
 z - a scroll of random uselessness {unknown}
Potions
 d - a potion of might
 r - 2 potions of ambrosia {unknown}
 v - a potion of curing {unknown}
Comestibles
 f - 2 bread rations
 i - 2 chunks of flesh
 l - a fruit
 m - a meat ration


   Skills:
 + Level 4.5 Fighting
 + Level 5.4 Long Blades
 + Level 0.1 Throwing
 + Level 5.4 Armour
 + Level 1.7 Dodging
 + Level 0.3 Stealth
 + Level 5.0 Shields


You had 5 spell levels left.
You didn't know any spells.

Dungeon Overview and Level Annotations

Branches:
Dungeon (4/15)
 Temple: D:4-7

Altars:
Ashenzari
Elyvilon
Hepliaklqana
Wu Jian
Xom
Yredelemnul


Innate Abilities, Weirdness & Mutations

You reflexively headbutt those who attack you in melee.
You have a pair of horns on your head.


Message History

You bump into the rock wall.
You feel sick.
The orc wizard points at you and mumbles some strange words.
The puff of flame hits you!
* * * LOW HITPOINT WARNING * * *
* * * LOW HITPOINT WARNING * * *
You feel very sick.
The orc wizard looks more healthy.
The orc looks more healthy.
The orc barely misses you. The orc wizard casts a spell at you.
The puff of flame hits you!
* * * LOW HITPOINT WARNING * * *
Things that are here:
a dagger of venom; an orc corpse It was a potion of cancellation.
Your magical effects are unravelling.
You feel magically purged.
You feel less confused.
* * * LOW HITPOINT WARNING * * *
You feel sick. The orc hits you.
You die...

..##..# ..#..####
...# .##.##...####
#.... ....#.......###
#...(
...##.........###
.(..
...#............##..#
...#<..........##..#
...............#oo.#
................@.##
..........)........#
###....###.######.##
###### ### ##


You could see an orc wizard and an orc.

Vanquished Creatures
  The ghost of me2cool8 the Insei, an amateur GnMo (D:3)
  2 ogres (D:4)
  An orc wizard (D:3)
  4 adders
  A worm (D:2)
  2 dart slugs
  2 leopard geckos
  6 orcs
  5 bats
  4 giant cockroaches
  7 hobgoblins
  9 jackals
  A quokka (D:3)
  8 frilled lizards
  10 goblins
  8 kobolds
  4 rats
75 creatures vanquished.

Notes
Turn   | Place    | Note
-------+----------+-------------------------------------------
     0 | D:1      | slep the Minotaur Fighter began the quest for the Orb.
     0 | D:1      | Reached XP level 1. HP: 19/19 MP: 0/0
   147 | D:1      | Reached XP level 2. HP: 27/27 MP: 1/1
   572 | D:2      | Reached XP level 3. HP: 33/33 MP: 2/2
   721 | D:2      | Found a shimmering altar of Xom.
   732 | D:2      | Found an ornate altar of the Wu Jian Council.
   732 | D:2      | Found a white marble altar of Elyvilon.
   740 | D:2      | Found a shattered altar of Ashenzari.
   908 | D:2      | Reached XP level 4. HP: 40/40 MP: 3/3
  1713 | D:3      | Found a hazy altar of Hepliaklqana.
  1800 | D:3      | Noticed me2cool8's ghost (amateur GnMo)
  1821 | D:3      | Killed me2cool8's ghost
  1821 | D:3      | Reached skill level 5 in Armour
  1821 | D:3      | Reached skill level 1 in Dodging
  1821 | D:3      | Reached XP level 5. HP: 23/47 MP: 4/4
  1891 | D:3      | Found a basalt altar of Yredelemnul.
  2410 | D:4      | Noticed an ogre
  2420 | D:4      | Killed an ogre
  2420 | D:4      | Reached skill level 5 in Long Blades
  2420 | D:4      | Reached XP level 6. HP: 20/53 MP: 5/5
  2539 | D:4      | Reached skill level 5 in Shields
  2561 | D:4      | HP: 1/53 [poisoned by an orc]
  2561 | D:4      | Slain by an orc

Vault maps used:
D:1:      minmay_arrival_three_doors
D:2:      grunt_temple_overflow_cloverleaf, st_stairs_5
D:3:      marbit_many_paths, lemuel_coloured_pillars_altar,
          grunt_decor_mini_mirrors, nrook_mini_backslash,
          kennysheep_generic_room_14
D:4:      first_bread, serial_park, serial_park_tiny_2, serial_park_tiny_pond,
          serial_park_square2, serial_park_tiny_1, serial_park_square2

Skill      XL: |  1  2  3  4  5  6 |
---------------+-------------------+-----
Armour         | 4 5 |  5.4
Fighting       | 4 |  4.5
Shields        | 4 5 |  5.0
Long Blades    | 3 4 5 |  5.4
Dodging        | 1 |  1.7
Throwing       | |  0.1
Stealth        | |  0.3

Action                   |  1- 3 |  4- 6 || total
-------------------------+-------+-------++-------
Melee: Long sword        |    83 |   103 ||   186
       Headbutt          |     7 |    10 ||    17
 Fire: Blowgun           |       |     6 ||     6
  Use: Potion            |       |     3 ||     3
  Eat: Chunk             |       |     6 ||     6
Armor: Scale mail        |    44 |    62 ||   106
Dodge: Dodged            |    34 |    40 ||    74
Block: Shield            |    55 |    70 ||   125
       Rpst.: Long sword |     7 |     9 ||    16

Table legend:
 A = Spawn XP
 B = Non-spawn XP
 C = Spawn XP percentage of total XP
 D = Spawn monster count
 E = Non-spawn monster count
 F = Spawn count percentage of total count
 G = Total turns spent on level
                    A         B        C        D         E        F      G
               +---------+---------+-------+---------+---------+-------+---------
         Total |       0 |     580 |   0.0 |       0 |      75 |   0.0 |  2561
               +---------+---------+-------+---------+---------+-------+---------
           D:1 |       0 |      37 |   0.0 |       0 |      22 |   0.0 |   564
           D:2 |       0 |      70 |   0.0 |       0 |      23 |   0.0 |   619
           D:3 |       0 |     226 |   0.0 |       0 |      24 |   0.0 |  1200
           D:4 |       0 |     247 |   0.0 |       0 |       6 |   0.0 |   178
               +---------+---------+-------+---------+---------+-------+---------
